 Dungeon Crawl Stone Soup version 0.30.1 (webtiles) character file.

Game seed: 6679395037982735510

170 Sabo the Chopper (level 5, -1/50 HPs)
             Began as a Naga Monk on July 8, 2023.
             Slain by a gnoll
             ... wielding a +0 spear
              (4 damage)
             ... on level 3 of the Dungeon.
             The game lasted 00:10:18 (2126 turns).

Sabo the Chopper (Naga Monk)                        Turns: 2126, Time: 00:10:18

Health: -1/50      AC:  7    Str: 15    XL:     5   Next: 51%
Magic:  5/5        EV:  6    Int: 10    God:
Gold:   157        SH:  5    Dex: 14    Spells: 4/4 levels left

rFire   . . .        a - +0 hand axe
rCold   . . .        d - orb {light}
rNeg    . . .        p - +0 chain mail
rPois   +            (no helmet)
rElec   .            e - +0 cloak
rCorr   .            (no gloves)
SInv    +            (no barding)
Will    .....        u - amulet of reflection Stlth
                     (no ring)
HPRegen 0.28/turn    (no ring)
MPRegen 0.09/turn

%: reflection
@: glowing, very slow
A: AC +1, large, see invisible, deformed body, poison resistance, slowness 2,
spit poison 1, naga tail 1
a: Spit Poison


You were on level 3 of the Dungeon.
You visited 1 branch of the dungeon, and saw 3 of its levels.

You collected 157 gold pieces.

Inventory:

Hand Weapons
 a - a +0 hand axe (weapon)
 j - a +0 sling
Missiles
 h - a throwing net
 t - 3 atropa-tipped darts
Armour
 d - an orb of light (worn)
 e - a +0 cloak (worn)
 g - a scarf of shadows
 p - a +0 chain mail (worn)
Jewellery
 u - an amulet of reflection (around neck)
Wands
 o - a wand of flame (18)
Scrolls
 b - a scroll of torment {unknown}
 k - 2 scrolls of identify {unknown}
 l - 2 scrolls of noise {unknown}
 m - a scroll of fear
 q - a scroll of vulnerability {unknown}
 r - 2 scrolls of magic mapping {unknown}
Potions
 f - 2 potions of might {unknown}
 i - a potion of attraction {unknown}
 n - 2 potions of flight {unknown}
 s - a potion of cancellation {unknown}


   Skills:
 + Level 4.0 Fighting
 + Level 4.0 Axes
 + Level 1.6 Armour
 + Level 3.2 Dodging
 + Level 0.1 Stealth


You had 4 spell levels left.
You didn't know any spells.
Your spell library contained the following spells:

 Spells                   Type           Power      Damage    Failure   Level
 Cigotuvi's Dreadful Rot  Necr/Pois/Air  0%         N/A       100%        2
 Ignite Poison            Fire/Tmut/Pois 0%         N/A       100%        3
 Animate Dead             Necr           0%         N/A       100%        4
 Freezing Cloud           Conj/Ice/Air   0%         6-21      100%        5
 Haunt                    Necr/Summ      0%         N/A       100%        7
 Infestation              Necr           0%         N/A       100%        8


Dungeon Overview and Level Annotations

Branches:
Dungeon (3/15)

Altars:


Innate Abilities, Weirdness & Mutations

Your serpentine skin is tough. (AC +1)
You have supernaturally acute eyesight. (SInv)
Armour fits poorly on your strangely shaped body.
Your system is resistant to poisons. (rPois)
You cover ground very slowly.
You can spit poison.
You have a snake-like lower body.


Message History

The gnoll is severely wounded.
You block the gnoll's attack.
You hit the gnoll.
The gnoll is severely wounded.
The gnoll hits you with a +0 spear.
* * * LOW HITPOINT WARNING * * *
The gnoll closely misses you.
You hit the gnoll but do no damage.
The gnoll is severely wounded.
The gnoll hits you but does no damage.
You hit the gnoll but do no damage.
The gnoll is severely wounded.
The gnoll hits you but does no damage.
You hit the gnoll but do no damage.
The gnoll is severely wounded.
You block the gnoll's attack.
You hit the gnoll but do no damage.
The gnoll is severely wounded.
The gnoll hits you but does no damage.
You hit the gnoll but do no damage.
The gnoll is severely wounded.
The gnoll hits you with a +0 spear.
* * * LOW HITPOINT WARNING * * *
You hit the gnoll but do no damage.
The gnoll is severely wounded.
The gnoll hits you but does no damage.
You hit the gnoll but do no damage.
The gnoll is severely wounded.
You block the gnoll's attack.
You hit the gnoll but do no damage.
The gnoll is severely wounded.
The gnoll hits you with a +0 spear.
* * * LOW HITPOINT WARNING * * *
You hit the gnoll but do no damage.
The gnoll is severely wounded.
The gnoll hits you but does no damage.
You hit the gnoll but do no damage.
The gnoll is severely wounded.
The gnoll hits you with a +0 spear.
You die...

#.............#.
#..................
#.......########..#
#.......# .
#.......####
########...# #
#.).### ##..
#..).)## .....
##.@g).###......
###............
#######...... ...g.
.... ... .. .


You could see a gnoll.

Vanquished Creatures
  2 orc priests
  Terence (D:2)
  3 gnolls (D:3)
  An adder (D:3)
  A worm (D:3)
  2 orcs (D:3)
  2 endoplasms
  5 giant cockroaches (D:1)
  6 hobgoblins
  4 jackals (D:1)
  A quokka (D:1)
  2 ball pythons
  3 bats (D:1)
  6 frilled lizards
  A kobold (D:3)
  5 rats
45 creatures vanquished.

Notes
Turn   | Place    | Note
-------+----------+-------------------------------------------
     0 | D:1      | Sabo the Naga Monk began the quest for the Orb.
     0 | D:1      | Reached XP level 1. HP: 21/21 MP: 1/1
   110 | D:1      | Reached XP level 2. HP: 28/28 MP: 2/2
   417 | D:1      | Found a faded altar of an unknown god.
   592 | D:1      | Reached XP level 3. HP: 34/34 MP: 3/3
  1337 | D:2      | Noticed Terence
  1352 | D:2      | Killed Terence
  1353 | D:2      | Reached XP level 4. HP: 9/43 MP: 4/4
  1794 | D:3      | Reached skill level 1 in Armour
  1794 | D:3      | Reached XP level 5. HP: 36/50 MP: 5/5
  2126 | D:3      | Slain by a gnoll

Illustrated notes

Levels and vault maps discovered:
D:1:      lemuel_arrival_broad_hall, layout_basic, basic_ecumenical_altar,
          minmay_statues_item, st_stairs_14, minmay_misc_feat_five,
          minmay_misc_feat_tower, chequers_serial_rivers_micro_a,
          minmay_misc_feat_secret_circle
D:2:      layout_loops_ring, minivault_26, uniq_terence
D:3:      layout_rooms

Skill      XL: |  1  2  3  4  5 |
---------------+----------------+-----
Dodging        | 3 |  3.2
Axes           | 4 |  4.0
Armour         | 1 |  1.6
Fighting       | 4 |  4.0
Stealth        | |  0.1

Action                     |  1- 3 |  4- 6 || total
---------------------------+-------+-------++-------
  Melee: Hand axe          |    71 |    62 ||   133
Ability: Spit Poison       |     8 |     7 ||    15
    Use: Scroll            |       |     1 ||     1
         Potion            |       |     1 ||     1
 Armour: Robe              |    11 |       ||    11
         Scale mail        |    21 |       ||    21
         Chain mail        |       |    26 ||    26
  Dodge: Dodged            |    38 |    17 ||    55
  Block: Orb               |       |    17 ||    17
